 Dungeon Crawl Stone Soup version 0.23.1 (webtiles) character file.

Game seed: 0

462 MisterOstroum the Chucker (level 6, -1/30 HPs)
             Began as a Spriggan Assassin on Mar 13, 2019.
             Succumbed to a worker ant's poison
             ... on level 5 of the Dungeon on Mar 16, 2019.
             The game lasted 00:40:46 (4982 turns).

MisterOstroum the Chucker (Spriggan Assassin)       Turns: 4982, Time: 00:40:46

Health: -1/30      AC:  4    Str:  7    XL:     6   Next: 79%
Magic:  1/7        EV: 17    Int: 13    God:
Gold:   202        SH:  0    Dex: 23    Spells: 5/5 levels left

rFire    . . .     SeeInvis +   b - +0 blowgun
rCold    . . .     Gourm    .   (shield restricted)
rNeg     . . .     Faith    .   c - +1 robe
rPois    .         Spirit   +   v - +0 hat
rElec    .         Reflect  .   d - +0 cloak
rCorr    .         Harm     .   (gloves unavailable)
MR       +....                  (boots unavailable)
Stlth    ++++......             l - amulet of guardian spirit
HPRegen  0.10/turn              e - +4 ring of dexterity
MPRegen  0.10/turn              (no ring)

@: lethally poisoned (-1 -> -26), very quick
A: very small, unfitting armour, see invisible, herbivore, speed 3, slow
metabolism 2
a: no special abilities


You were on level 5 of the Dungeon.
You were not hungry.

You visited 1 branch of the dungeon, and saw 6 of its levels.

You collected 202 gold pieces.

Inventory:

Hand Weapons
 a - a +2 dagger
 b - a +0 blowgun (weapon)
Missiles
 f - 10 poisoned needles (quivered)
 h - 145 stones
 p - 50 arrows
Armour
 c - a +1 robe (worn)
 d - a +0 cloak (worn)
 v - a +0 hat (worn)
 B - a scarf of cloud immunity
Jewellery
 e - a +4 ring of dexterity (left hand)
 l - an amulet of guardian spirit (around neck)
 C - an uncursed ring of flight {unknown}
Wands
 x - a wand of polymorph (11)
Scrolls
 i - 2 scrolls of teleportation
 j - a scroll of silence {unknown}
 k - 4 scrolls of remove curse
 n - 2 scrolls of amnesia
 q - 2 scrolls of fear
 s - a scroll of fog {unknown}
 w - 2 scrolls of noise {unknown}
 y - a scroll of identify
Potions
 m - a potion of lignification
 o - a potion of agility {unknown}
 r - a potion of curing {unknown}
 t - 2 potions of mutation {unknown}
 u - 2 potions of berserk rage {unknown}
 z - 3 potions of heal wounds {unknown}
 A - 2 potions of degeneration {unknown}
Comestibles
 g - 10 rations


   Skills:
 - Level 1.5 Fighting
 - Level 2.1 Short Blades
 * Level 7.4 Throwing
 - Level 1.5 Dodging
 - Level 5.8 Stealth


You had 5 spell levels left.
You didn't know any spells.
Your spell library was empty.

Dungeon Overview and Level Annotations

Branches:
Dungeon (6/15)
 Temple: D:4-7

Altars:
Makhleb
Okawaru
Wu Jian

Shops:
D:6 [


Innate Abilities, Weirdness & Mutations

You are very small and have problems with some larger weapons.
You are too small for most types of armour.
You have supernaturally acute eyesight. (SInv)
You are a herbivore.
You cover ground extremely quickly.
You need to consume almost no food.


Message History

You feel sick. The worker ant bites you.
You are more poisoned.
The worker ant poisons you!
You feel sick. The worker ant bites you.
You feel sick. The worker ant bites you.
You are more poisoned.
The worker ant poisons you!
You feel sick. The worker ant bites you.
You are more poisoned.
The worker ant poisons you!
* * * LOW HITPOINT WARNING * * *
You feel very sick. The worker ant closely misses you.
The worker ant completely misses you.
* * * LOW HITPOINT WARNING * * *
You feel sick. The worker ant bites you!
* * * LOW HITPOINT WARNING * * *
* * * LOW HITPOINT WARNING * * *
You feel sick.
The worker ant bites you but does no damage.
You die...

#. .# .. .. #.# .# #.
###.##.### .###### ...
........ .......
#..###.#..####.....#
...................#
###..................#
#..............>.....#
............@a......#
####.#..###..#'#####....#
.....#...##..#.#####....#
...#...##.........#####
###.#.........####.#
#..$.............#
#.#.........#.##.#
#.....##..#.# .#
#....####.#.# .#


You could see a worker ant.

Vanquished Creatures
  An ogre (D:6)
  A sky beast (D:6)
  A howler monkey (D:4)
  A hound (D:4)
  Natasha (thrice) (D:3)
  A worker ant zombie (D:4)
  5 adders
  2 oozes
  2 worms
  2 dart slugs (D:1)
  2 leopard geckos
  8 orcs
  2 bats
  2 giant cockroaches
  4 goblins
  2 hobgoblins
  11 jackals
  A quokka (D:4)
  2 ball pythons
  2 frilled lizards
  6 kobolds
  5 rats
66 creatures vanquished.

Notes
Turn   | Place    | Note
-------+----------+-------------------------------------------
     0 | D:1      | MisterOstroum the Spriggan Assassin began the quest for the
                  | Orb.
     0 | D:1      | Reached XP level 1. HP: 10/10 MP: 2/2
   345 | D:1      | Reached XP level 2. HP: 14/14 MP: 3/3
   382 | D:1      | Reached skill level 3 in Throwing
  1177 | D:3      | Reached XP level 3. HP: 15/18 MP: 4/4
  1512 | D:2      | Reached skill level 4 in Throwing
  1699 | D:2      | Reached XP level 4. HP: 8/22 MP: 5/5
  2261 | D:3      | Found an ornate altar of the Wu Jian Council.
  2261 | D:3      | Found a burning altar of Makhleb.
  2293 | D:3      | Noticed Natasha
  2312 | D:3      | Killed Natasha
  2382 | D:3      | Noticed Natasha
  2390 | D:3      | Killed Natasha
  2390 | D:3      | Reached skill level 5 in Throwing
  2467 | D:3      | Noticed Natasha
  2497 | D:3      | Reached XP level 5. HP: 12/25 MP: 6/6
  2801 | D:4      | Found an iron altar of Okawaru.
  3698 | D:3      | Killed Natasha
  3698 | D:3      | Reached skill level 6 in Throwing
  4069 | D:4      | Reached XP level 6. HP: 20/30 MP: 5/7
  4334 | D:4      | You fall through a shaft for 2 floors!
  4464 | D:6      | Noticed a sky beast
  4471 | D:6      | Killed a sky beast
  4471 | D:6      | Reached skill level 7 in Throwing
  4721 | D:6      | Found Gilub's Armour Shop.
  4932 | D:5      | Entered Level 5 of the Dungeon
  4981 | D:5      | HP: 1/30 [poisoned by a worker ant]
  4982 | D:5      | Succumbed to a worker ant's poison

Skill      XL: |  1  2  3  4  5  6 |
---------------+-------------------+-----
Throwing       | 3 4 5 6 7 |  7.4
Fighting       | |  1.5
Short Blades   | |  2.1
Dodging        | |  1.5
Stealth        | |  5.8

Action                   |  1- 3 |  4- 6 || total
-------------------------+-------+-------++-------
Melee: Dagger            |    45 |    67 ||   112
 Fire: Blowgun           |    86 |   101 ||   187
Throw: Stone             |     5 |    43 ||    48
  Use: Scroll            |       |     9 ||     9
       Potion            |       |     1 ||     1
 Stab: Sleeping          |     2 |     5 ||     7
  Eat: Ration            |       |     1 ||     1
Armor: Robe              |     7 |    12 ||    19
Dodge: Dodged            |    48 |    59 ||   107
